cohdb
Replays
Latest Replays
All Replays
Popular Replays
Top Player Replays
Match Explorer
How It Works
Community
CoH3 Stats
Reddit
Sign in to upload your games and track your stats! →
Sign in with Steam
Match 46946590
Unlisted
Match 46946590
Overview
Messages
Build Orders
End
Construct Barracks
Construct Barracks
Engineer Squad
Riflemen Squad
Selects Special Operations Battlegroup
Riflemen Squad
Construct Weapon Support Center
Infantry Support Center
M3 Armored Personnel Carrier
Grenade Package
Selects M29 Weasel with M1 Pack Howitzer
Construct Motor Pool
Selects Raiding Flares
M1918 Browning Automatic Rifles
Raiding Flares
M1 Anti-tank Gun Team
Bazooka Squad
Selects SSF Commando Squad
SSF Commando Squad
Survival Training
Advanced Logistics
★Colonel-zuvyna★
Squirtle
boboCATs
boboFISHs
Tatari◑。
Lemme smash
SovietBuffalo
ID这一块
0
0
Comments
sign in to comment!
No comments posted yet!